 Dungeon Crawl Stone Soup version 0.30-a0-879-ga8ba668304 (webtiles) character file.

Game seed: 3076791293584067400

91 Esekla the Sneak (level 4, 22/31 HPs)
             Began as an Octopode Delver on Mar 14, 2023.
             Quit the game on level 5 of the Dungeon.
             The game lasted 00:01:53 (166 turns).

Esekla the Sneak (Octopode Delver)                   Turns: 166, Time: 00:01:54

Health: 22/31      AC:  1    Str: 11    XL:     4   Next: 57%
Magic:  5/5        EV: 13    Int: 14    God:
Gold:   26         SH:  0    Dex: 13    Spells: 5/5 levels left

rFire   . . .      SeeInvis .    a - +0 falchion
rCold   . . .      Faith    .    (no shield)
rNeg    . . .      Spirit   .    (helmet restricted)
rPois   .          Reflect  .    (no amulet)
rElec   .          Rampage  .    (no ring)
rCorr   .                        (no ring)
Will    .....                    (no ring)
Stlth   +++++                    (no ring)
HPRegen 0.25/turn                (no ring)
MPRegen 0.09/turn                (no ring)
                                 (no ring)
                                 (no ring)

@: hasted, very quick
A: almost no armour, amphibious, 8 rings, camouflage 1, gelatinous body 1,
(nimble swimmer 1), tentacles
a: no special abilities


You were on level 5 of the Dungeon.
You visited 1 branch of the dungeon, and saw 1 of its levels.

You collected 26 gold pieces.

Inventory:

Hand Weapons
 a - a +0 falchion (weapon)
Wands
 f - a wand of digging (3)
Scrolls
 b - a scroll of fog
 c - a scroll of vulnerability {unknown}


   Skills:
 * Level 3.4 Fighting
 * Level 2.4 Long Blades
 * Level 2.5 Dodging
 + Level 7.6 Stealth
 * Level 1.1 Spellcasting


You had 5 spell levels left.
You didn't know any spells.
Your spell library was empty.

Dungeon Overview and Level Annotations

Branches:
Dungeon (5/15)
 Temple: D:4-7

Altars:
Dithmenos


Innate Abilities, Weirdness & Mutations

You cannot wear most types of armour.
You are amphibious.
You can wear up to eight rings at the same time.
Your skin changes colour to match your surroundings (Stealth+).
Your rubbery body absorbs attacks. (AC +1, EV +1)
((You are camouflaged when in or above water. (Stealth+)))
You have tentacles for arms and can constrict up to eight enemies at once.


Message History

The hound misses you. The quokka bites you. The hound attacks as you move away!
The hound completely misses you. The quokka barely misses you.
The hound attacks as you move away! The hound barely misses you.
You see here 7 gold pieces.
You completely miss the hound. You grab the hound. You constrict the hound.
The hound bites you.
You now have 14 gold pieces (gained 7).
You constrict the hound, but do no damage.
The hound completely misses you.
You hit the hound.
You squeeze the hound, but do no damage.
The hound is lightly wounded.
You constrict the hound, but do no damage.
The hound bites you.
You hit the hound but do no damage. You squeeze the hound.
The hound is moderately wounded.
You constrict the hound. The hound closely misses you.
You hit the hound.
The hound is heavily wounded.
You constrict the hound. The hound bites you.
You slash the hound!
You kill the hound!
You open the door.
Found 12 gold pieces.
There is an open door here.
Found a shadowy altar of Dithmenos.
You close the door.
An orc opens the door.
You see here 12 gold pieces.
You now have 26 gold pieces (gained 12).
The quokka twitches its whiskers.
There is a shadowy altar of Dithmenos here.
You hear the slow rusting of a very distant drain.
You open the door.
Found a stone staircase leading up.
There is an open door here.
You close the door.
Are you sure you want to abandon this character and quit the game? (Confirm with "yes".)

***** ###** *******## *,,,, ...,*
*,,,,,,.## ****,,,,
....***####+#####.<# *,,,,,,,
....,*,+.....r.+@..#******,**,,,,
.....,,#.#...#.###......,,,**,,,,
.....###.#._.#.# **#####*****,***
.......#.#S..#.#** *****,,,,,***
######.'.h.....+,****,,,,,*****,,
....g..####+####,,,,,,,,,,,,,,+,,
##.#....##,,**,,,****,,,,******,,
*#.##.h.....,*,,,* *,,,,* *,,
#r##........*,,,* *,,,,* *,,


There were no monsters in sight!

Vanquished Creatures
  A scorpion (D:5)
  A hound (D:5)
2 creatures vanquished.

Notes
Turn   | Place    | Note
-------+----------+-------------------------------------------
     0 | D:5      | Esekla the Octopode Delver began the quest for the Orb.
     0 | D:5      | Reached XP level 1. HP: 16/16 MP: 1/1
    19 | D:5      | Noticed a hound
    19 | D:5      | Noticed a scorpion
    44 | D:5      | Killed a scorpion
    45 | D:5      | Reached skill level 7 in Stealth
    45 | D:5      | Reached skill level 1 in Spellcasting
    45 | D:5      | Reached XP level 2. HP: 13/21 MP: 1/3
    45 | D:5      | Reached XP level 3. HP: 16/26 MP: 1/4
    45 | D:5      | Reached XP level 4. HP: 19/31 MP: 1/5
   120 | D:5      | Noticed a scorpion
   125 | D:5      | Noticed an ogre
   153 | D:5      | Found a shadowy altar of Dithmenos.
   166 | D:5      | Quit the game

Illustrated notes

Levels and vault maps discovered:
D:5:      layout_basic, mainiacjoe_overflow_six_doors_small,
          cheibrodos_sewer_entry_bend

Skill      XL: |  1 |
---------------+----+-----
Stealth        | 7 |  7.6
Spellcasting   | 1 |  1.1
Fighting       | |  3.4
Long Blades    | |  2.4
Dodging        | |  2.5

Action                     |  1- 3 |  4- 6 || total
---------------------------+-------+-------++-------
  Melee: Falchion          |     3 |     5 ||     8
         Tentacles         |     1 |     2 ||     3
         Constrict         |     1 |     1 ||     2
    Use: Scroll            |     1 |     1 ||     2
         Potion            |       |     1 ||     1
  Dodge: Dodged            |     1 |    11 ||    12

Table legend: (Time is in decaauts)
 A = Elapsed time spent in this place.
 B = Non-inter-level travel time spent in this place.
 C = Inter-level travel time spent in this place.
 D = Time resting spent in this place.
 E = Time spent auto-exploring this place.
 F = Levels seen in this place.
 G = Mean time per level.
                   A        B        C        D        E       F      G
               +--------+--------+--------+--------+--------+-----+--------+
         Total |    155 |    155 |      0 |     45 |      0 |   1 |  155.0 |
       Dungeon |    155 |    155 |      0 |     45 |      0 |   1 |  155.0 |
               +--------+--------+--------+--------+--------+-----+--------+

Top non-repeatable levels by time:
     D:5: 155 daAuts
